 Dungeon Crawl Stone Soup version 0.31-a0-369-g8eba5f6939 (webtiles) character file.

Game seed: 2248174485274933372

2 LustLizard the Ruffian (level 1, 8/13 HPs)
             Began as an Octopode Shapeshifter on July 28, 2023.
             Was a Follower of Kikubaaqudgha.
             Quit the game on level 1 of the Dungeon.
             The game lasted 00:00:57 (29 turns).

LustLizard the Ruffian (Octopode Shapeshifter)        Turns: 29, Time: 00:00:58

Health: 8/13       AC:  1    Str: 14    XL:     1   Next: 40%
Magic:  1/1        EV: 13    Int: 10    God:    Kikubaaqudgha [*.....]
Gold:   0          SH:  0    Dex: 12    Spells: 0/0 levels left

rFire   . .          .
                       - Unarmed
rCold   . . .        (no shield)
rNeg    . . .        (helmet currently unavailable)
rPois   .            (no amulet)
rElec   .            (no ring)
rCorr   .            (no ring)
SInv    .            (no ring)
Will    .....        (no ring)
Stlth   ++           (no ring)
HPRegen 0.22/turn    (no ring)
MPRegen 0.07/turn    (no ring)
                     (no ring)

%: no passive effects
@: beast-form
A: beast (slay +2), almost no armour, amphibious, 8 rings, camouflage 1,
gelatinous body 1, (nimble swimmer 1), tentacles
a: Begin Untransformation, Renounce Religion, Unearth Wretches


You were on level 1 of the Dungeon.
You worshipped Kikubaaqudgha.
Kikubaaqudgha was aware of your devotion.
You were a hulking beast.
You visited 1 branch of the dungeon, and saw 1 of its levels.

Inventory:

Talismans
 b - a beast talisman
Potions
 a - a potion of lignification
 c - a potion of invisibility {unknown}


   Skills:
 + Level 1.0 Fighting
 - Level 2.0 Dodging
 + Level 0.3 Stealth
 * Level 3.0 Unarmed Combat
 + Level 3.0 Shapeshifting


You couldn't memorise any spells.
You didn't know any spells.
Your spell library contained the following spells:

 Spells                   Type           Power      Damage    Failure   Level
 Necrotise                Necr           0%         1d4       36%         1
 Sublimation of Blood     Necr           0%         N/A       50%         2
 Vampiric Draining        Necr           0%         2d6       75%         3
 Animate Dead             Necr           0%         N/A       98%         4


Dungeon Overview and Level Annotations

Branches:
Dungeon (1/15)

Altars:
Kikubaaqudgha


Innate Abilities, Weirdness & Mutations

You are a hulking beast.
Your limbs bulge with bestial killing power. (Slay +2)
You cannot wear most types of armour.
You are amphibious.
You can wear up to eight rings at the same time.
Your skin changes colour to match your surroundings (Stealth+).
Your rubbery body absorbs attacks. (AC +1, EV +1)
((You are camouflaged when in or above water. (Stealth+)))
You have tentacles for arms and can constrict up to eight enemies at once.


Message History

It's a long way down to the Orb of Zot, but that shouldn't be any trouble.
Press ? for a list of commands and other information.
Found a staircase leading out of the dungeon.
You open the door.
There is an open door here.
c - a white potion
Found a dagger.
Found a faded altar of an unknown god.
Search for what [? for help]? altar A rat comes into view.
A goblin comes into view. It is wielding a +0 club.
The goblin shouts!
You hear an angry hiss.
The goblin hits you with a +0 club.
A frilled lizard comes into view.
You closely miss the goblin. You grab the goblin. You constrict the goblin.
The goblin hits you with a +0 club.
You tentacle-slap the goblin.
You kill the goblin!
You are too injured to fight recklessly!
You tentacle-slap the rat.
You kill the rat!
A bat comes into view.
You see here a rat corpse.
You tentacle-slap the frilled lizard.
You kill the frilled lizard!
The bat hits you but does no damage.
You barely miss the bat. Your grab misses the bat. The bat closely misses you.
The bat closely misses you.
There is a faded altar of an unknown god here.
You see here a +0 dagger.
This altar belongs to (a) Hepliaklqana, (b) Kikubaaqudgha or (c) Ignis, but you can't tell which.
Press the corresponding letter to learn more about a god, or press enter to convert or escape to cancel.
Kikubaaqudgha accepts your prayer! Kikubaaqudgha welcomes you!
You can now bring forth the wretched and dying.
Kikubaaqudgha grants you a gift!
You add the spells Necrotise, Sublimation of Blood, Vampiric Draining and Animate Dead to your library.
The bat hits you. The bat barely misses you.
Okay, then.
Unknown command.
Press < or > to pray at altars.
Are you sure you want to abandon this character and quit the game? (Confirm with "yes".)

8... #........
###...##.........
#...............#
.................#
#................
#...............
#.....b....#
#.....h.†..#
#.......†..#.#.#
#........)......
###....#####....
##.#### #.#
##########....# #
#..........##.#
#.#####'##### #
#.........#


You could see a bat.

Vanquished Creatures
  A goblin (D:1)
  A frilled lizard (D:1)
  A rat (D:1)
3 creatures vanquished.

Notes
Turn   | Place    | Note
-------+----------+-------------------------------------------
     0 | D:1      | LustLizard the Octopode Shapeshifter began the quest for
                  | the Orb.
     0 | D:1      | Reached XP level 1. HP: 13/13 MP: 1/1
    10 | D:1      | Found a faded altar of an unknown god.
    28 | D:1      | Prayed at the altar of an unknown god.
    28 | D:1      | Became a worshipper of Kikubaaqudgha
    28 | D:1      | Reached * piety under Kikubaaqudgha
    28 | D:1      | Received a gift from Kikubaaqudgha
    29 | D:1      | Quit the game

Illustrated notes

Levels and vault maps discovered:
D:1:      mushboom_english_gardens, layout_basic,
          ebering_ecumenical_altar_sacrificial, corexii_hall_statues_l

Action                     || total
---------------------------++-------
  Melee: Unarmed           ||     5
         Constrict         ||     1
 Armour: Skin              ||     1
  Dodge: Dodged            ||     3

Table legend: (Time is in decaauts)
 A = Elapsed time spent in this place.
 B = Non-inter-level travel time spent in this place.
 C = Inter-level travel time spent in this place.
 D = Time resting spent in this place.
 E = Time spent auto-exploring this place.
 F = Levels seen in this place.
 G = Mean time per level.
                   A        B        C        D        E       F      G
               +--------+--------+--------+--------+--------+-----+--------+
         Total |     28 |     26 |      2 |      0 |      9 |   1 |   28.0 |
       Dungeon |     28 |     26 |      2 |      0 |      9 |   1 |   28.0 |
               +--------+--------+--------+--------+--------+-----+--------+

Top non-repeatable levels by time:
     D:1: 28 daAuts
